 Dungeon Crawl Stone Soup version 0.23.0-3-gf3c87f2 (webtiles) character file.

Game seed: 18432166321268203235

85 Borgoz the Sneak (level 4, -17/35 HPs)
             Began as a Ghoul Enchanter on Feb 24, 2019.
             Demolished by an ogre
             ... wielding a +0 giant club
              (29 damage)
             ... on level 3 of the Dungeon.
             The game lasted 00:04:15 (2026 turns).

Borgoz the Sneak (Ghoul Enchanter)                  Turns: 2026, Time: 00:04:16

Health: -17/35     AC:  3    Str: 11    XL:     4   Next: 48%
Magic:  4/6        EV: 12    Int: 10    God:
Gold:   72         SH:  0    Dex: 10    Spells: 4/7 levels left

rFire    . . .     SeeInvis .   a - +1 dagger
rCold    + . .     Gourm    .   (no shield)
rNeg     + + +     Faith    .   o - +0 leather armour
rPois    ∞         Spirit   .   (no helmet)
rElec    .         Reflect  .   (no cloak)
rCorr    .         Harm     .   (no gloves)
MR       .....                  (no boots)
Stlth    ++........             (no amulet)
HPRegen  0.00/turn              (no ring)
MPRegen  0.10/turn              (no ring)

@: very slightly contaminated, rotting
A: rotting body, claws 1, carnivore, cold resistance 1, negative energy
resistance 3, inhibited regeneration, torment resistance, unbreathing
a: no special abilities


You were on level 3 of the Dungeon.
You were not hungry.

You visited 1 branch of the dungeon, and saw 3 of its levels.

You collected 72 gold pieces.

Inventory:

Hand Weapons
 a - a +1 dagger (weapon)
Missiles
 i - 11 poisoned needles
Armour
 b - a +0 robe
 o - a +0 leather armour (worn)
Scrolls
 g - a scroll of immolation {unknown}
 h - a scroll of fog
 j - a scroll of teleportation
 k - a scroll of magic mapping
 p - 2 scrolls of remove curse {unknown}
Potions
 c - a potion of resistance
 l - a potion of haste
 m - 2 potions of agility
Comestibles
 d - 4 rations
 n - 3 chunks of flesh


   Skills:
 + Level 1.0 Fighting
 + Level 1.7 Short Blades
 + Level 0.4 Armour
 + Level 2.2 Dodging
 + Level 4.2 Stealth
 - Level 2.0 Spellcasting
 + Level 2.7 Hexes


You had 4 spell levels left.
You knew the following spells:

 Your Spells              Type           Power        Failure   Level  Hunger
a - Corona                Hex            #......      13%         1    ##.....
b - Ensorcelled Hibernat  Hex/Ice        #.....       34%         2    ###....

Your spell library contained the following spells:

 Spells                   Type           Power        Failure   Level  Hunger
 Confuse                  Hex            #.......     36%         3    ####...
 Tukima's Dance           Hex            #.......     36%         3    ####...
 Dazzling Spray           Conj/Hex       #.....       56%         3    ####...


Dungeon Overview and Level Annotations

Branches:
Dungeon (3/15)

Altars:


Innate Abilities, Weirdness & Mutations

Your body is rotting away.
You thrive on raw meat.
You are immune to poison.
You have sharp fingernails.
You are carnivorous and can eat meat at any time.
Your flesh is cold resistant. (rC+)
You are immune to negative energy. (rN+++)
You do not regenerate when monsters are visible.
You are immune to unholy pain and torment.
You can survive without breathing.


Message History

p - 2 scrolls labeled ONLAOCSICHI (gained 1)
The ogre shouts!
You hit the ogre.
The ogre is lightly wounded.
The ogre hits you with a +0 giant club!!
Ouch! That really hurt!
Casting: Ensorcelled Hibernation (safe; 34% risk of failure)
Confirm with . or Enter, or press ? or * to list all spells.
Okay, then.
Casting: Ensorcelled Hibernation (safe; 34% risk of failure)
Confirm with . or Enter, or press ? or * to list all spells.
Aiming: Ensorcelled Hibernation (safe; 34% risk of failure)
Press: ? - help, Shift-Dir - straight line, f - ogre
Aim: an ogre, wielding a +0 giant club (lightly wounded, chance to defeat MR: 35%)
You miscast Ensorcelled Hibernation.
You are very lightly contaminated with residual magic.
Nothing appears to happen.
The ogre hits you with a +0 giant club!!
Ouch! That really hurt!
You die...

#.##...##.#
#÷#...##
#.##...##.#
##.##.##
#.##...##.#
#..##.#
#.........###
#.###.#
####...####.#
#<# #.#
######...# #[#
#.# .#
..........##.#
#.#
########....##
..# #?###@#
#.# ...# ##O#
#^# ...... .!.
... #######
#######


You could see an ogre.

Vanquished Creatures
  4 adders
  A worm (D:2)
  3 dart slugs
  A leopard gecko (D:1)
  3 orcs (D:2)
  A giant cockroach (D:3)
  3 goblins
  4 hobgoblins
  4 kobolds
  A ball python (D:1)
  3 bats
  4 frilled lizards
  7 rats
39 creatures vanquished.

Notes
Turn   | Place    | Note
-------+----------+-------------------------------------------
     0 | D:1      | Borgoz the Ghoul Enchanter began the quest for the Orb.
     0 | D:1      | Reached XP level 1. HP: 14/14 MP: 2/2
    80 | D:1      | Reached XP level 2. HP: 18/20 MP: 3/3
   646 | D:1      | Reached skill level 1 in Short Blades
   742 | D:1      | Learned a level 2 spell: Ensorcelled Hibernation
   872 | D:2      | Reached XP level 3. HP: 24/24 MP: 5/5
  1254 | D:2      | Reached skill level 4 in Stealth
  1883 | D:3      | Reached XP level 4. HP: 34/34 MP: 6/6
  1911 | D:3      | Reached skill level 1 in Fighting
  2021 | D:3      | Noticed an ogre
  2026 | D:3      | Demolished by an ogre

Skill      XL: |  1  2  3  4 |
---------------+-------------+-----
Dodging        | 2 |  2.2
Short Blades   | 1 |  1.7
Spellcasting   | 2 |  2.0
Stealth        | 4 |  4.2
Fighting       | 1 |  1.0
Armour         | |  0.4
Hexes          | |  2.7

Action                   |  1- 3 |  4- 6 || total
-------------------------+-------+-------++-------
Melee: Dagger            |   150 |    35 ||   185
 Cast: Corona            |     3 |       ||     3
       Ensorcelled Hiber |     4 |       ||     4
  Use: Scroll            |       |     6 ||     6
       Potion            |       |     1 ||     1
 Stab: Sleeping          |    12 |       ||    12
  Eat: Chunk             |    15 |     4 ||    19
Armor: Robe              |    13 |       ||    13
       Leather armour    |    13 |     7 ||    20
Dodge: Dodged            |    92 |    26 ||   118
